Map: Lightshade LE

Players

Solid

  • Race: Terran Terran
  • League: Master
  • Spawn Location: 11:00

WaWu

  • Race: Terran Terran
  • League: Master
  • Spawn Location: 5:00

Forgotten

  • Race: Protoss Protoss

Padierfind

  • Race: Protoss Protoss
  • League: Master

VOD

Have the link to the VOD?

Description

Time

  • Played on: Nov. 27, 2020, 12:37 p.m.
  • Length: 8:54
Show
View Real Time Build Order
Export as new Build Order

Solid Terran 

Build Orders:  

Get SALT Encoding   

  12  0:00  SCV  
  13  0:12  SCV  
  14  0:21  Supply Depot  
  14  0:24  SCV  
  15  0:38  Refinery  
  15  0:42  SCV  
  16  0:44  Barracks  
  16  0:54  SCV  
  17  1:06  SCV  
  18  1:19  SCV  
  18  1:23  Supply Depot  
  19  1:34  Orbital Command  
  19  1:38  Refinery  
  19  1:45  Marine  
  20  1:48  Factory  
  20  2:00  SCV  
  21  2:08  Barracks Reactor  
  21  2:18  Command Center  
  21  2:22  SCV  
  22  2:34  SCV  
  23  2:42  Starport  
  23  2:47  Hellion x2  
  28  2:51  SCV  
  28  2:52  Barracks Tech Lab  
  28  3:03  SCV  
  29  3:09  Hellion  
  31  3:30  Medivac, Widow Mine x2, SCV  
  31  3:31  Orbital Command  
  38  3:42  SCV  
  37  3:51  Widow Mine x2  
  37  3:54  SCV  
  40  3:56  Armory  
  35  4:02  Medivac  
  40  4:03  SCV  
  40  4:06  SCV  
  42  4:13  Widow Mine  
  42  4:15  Widow Mine  
  46  4:18  Supply Depot  
  46  4:22  Supply Depot  
  46  4:39  Medivac, SCV x2  
  50  4:50  Barracks  
  50  4:51  Barracks  
  50  4:52  Supply Depot, SCV x2  
  48  4:56  Widow Mine x2  
  52  5:04  SCV x2  
  54  5:09  Stimpack  
  54  5:13  Command Center  
  54  5:15  Refinery  
  54  5:16  SCV x2  
  56  5:28  SCV x2  
  56  5:35  Starport Reactor  
  56  5:37  Barracks Reactor  
  56  5:38  Barracks Reactor  
  56  5:39  Marauder  
  56  5:40  SCV x2  
  56  5:41  Widow Mine x2  
  64  5:47  Barracks  
  64  5:50  Barracks  
  64  5:52  SCV x2  
  64  5:53  Engineering Bay  
  64  5:56  Supply Depot  
  66  5:58  Supply Depot  
  66  6:04  SCV x2  
  66  6:07  Marauder  
  66  6:10  Widow Mine  
  68  6:11  Widow Mine  
  68  6:16  SCV x2  
  70  6:20  Terran Infantry Weapons Level 1  
  70  6:22  Supply Depot, Marine x4  
  74  6:36  SCV  
  74  6:39  Orbital Command  
  71  6:41  Barracks Reactor x2  
  71  6:44  Marine x3  
  71  6:45  Marauder, Marine  
  75  6:50  Widow Mine  
  75  6:51  Widow Mine  
  75  6:53  Combat Shield  
  77  6:55  SCV  
  77  6:56  SCV  
  77  6:58  Medivac  
  81  7:02  Marine x2  
  81  7:06  Supply Depot, Marauder  
  85  7:09  SCV x3  
  85  7:10  Marine x2  
  85  7:12  Hellbat  
  90  7:20  Marine x2  
  90  7:23  Marine x4  
  90  7:27  Marauder  
  90  7:28  Marine x2, SCV x2  
  90  7:29  Supply Depot, SCV  
  99  7:33  Refinery  
  99  7:34  Medivac  
  101  7:38  Marine x2  
  101  7:41  Marine x2  
  109  7:45  Widow Mine x2, SCV  
  109  7:46  SCV x2  
  109  7:49  Marauder  
  109  7:50  Marine x2  
  116  7:51  Marine x2  
  116  7:55  Marine  
  116  7:56  Marine  
  120  7:58  Marine  
  120  7:59  Medivac, Marine  
  120  8:04  Medivac  
  126  8:10  Marauder  
  128  8:14  Marine x5  
  133  8:27  Refinery  
  133  8:33  Starport  
  133  8:35  Marine x2  
  133  8:36  Marine x2, SCV x2  
  133  8:38  Supply Depot  
Show
View Real Time Build Order
Export as new Build Order

WaWu Terran 

Build Orders:  

Get SALT Encoding   

  12  0:00  Probe  
  13  0:12  Probe  
  14  0:17  Pylon  
  14  0:26  Probe  
  15  0:34  Probe  
  15  0:36  Gateway  
  15  0:42  Probe  
  17  0:50  Assimilator  
  17  0:52  Probe  
  18  1:00  Probe  
  18  1:08  Probe  
  20  1:18  Probe  
  20  1:24  Cybernetics Core  
  21  1:41  Nexus  
  21  1:47  Pylon  
  21  1:50  Probe  
  22  1:56  Assimilator  
  22  2:02  Probe  
  22  2:06  Stalker  
  25  2:14  Probe  
  26  2:24  Stargate  
  26  2:26  Probe  
  27  2:33  Stalker  
  27  2:35  Shield Battery  
  29  2:45  Probe  
  30  2:51  Warp Gate  
  30  2:57  Stalker, Probe  
  31  2:59  Probe  
  31  3:02  Phoenix  
  34  3:09  Probe  
  37  3:13  Probe  
  38  3:21  Probe  
  38  3:24  Phoenix  
  38  3:25  Probe  
  40  3:33  Probe  
  43  3:38  Probe  
  44  3:49  Probe  
  44  3:50  Probe  
  46  4:00  Pylon  
  46  4:01  Assimilator  
  46  4:10  Twilight Council  
  46  4:12  Pylon  
  46  4:15  Probe x2  
  46  4:18  Phoenix  
  46  4:23  Probe x2  
  52  4:33  Probe x2  
  54  4:43  Phoenix  
  54  4:49  Forge  
  54  4:56  Robotics Facility, Probe  
  55  5:06  Nexus  
  47  5:19  Probe  
  48  5:34  Photon Cannon  
  47  5:40  Probe  
  47  5:49  Probe  
  48  5:57  Probe x2  
  45  6:05  Stalker, Probe  
  45  6:07  Observer  
  45  6:09  Probe  
  42  6:19  Probe  
  42  6:21  Probe  
  42  6:23  Probe  
  45  6:28  Probe  
  45  6:29  Probe, Observer  
  45  6:31  Probe  
  47  6:39  Probe  
  49  6:42  Probe  
  51  6:48  Probe  
  51  6:50  Probe  
  51  6:53  Observer  
  54  6:55  Probe  
  54  7:00  Stalker, Probe  
  58  7:02  Probe  
  58  7:03  Probe  
  58  7:32  Probe x2  
  58  7:36  Stalker, Probe  
  63  7:40  Probe x2  
  65  7:48  Probe  
  65  7:49  Probe  
  66  7:57  Probe, Gateway  
  68  7:58  Gateway  
  68  8:00  Probe  
  68  8:01  Probe  
  70  8:06  Stalker  
  70  8:09  Probe  
  73  8:17  Gateway  
  73  8:19  Probe x2  
  74  8:20  Gateway  
  74  8:21  Probe  
  74  8:26  Pylon  
  75  8:31  Zealot  
  77  8:40  Gateway, Pylon  
  77  8:41  Pylon  
Show
View Real Time Build Order
Export as new Build Order

Forgotten Protoss 

Build Orders:  

Get SALT Encoding   

Show
View Real Time Build Order
Export as new Build Order

Padierfind Protoss 

Build Orders:  

Get SALT Encoding   

Tags
 
Add a new tag
Caveats
  • Supply blocks, unpowered buildings, or Contaminate may cause inaccurate times.
  • Supply counts are checked every 10 seconds.